 Dungeon Crawl Stone Soup version 0.29.1-15-g9cfb28693d (webtiles) character file.

Game seed: 5069037124191370418

137 protoss039 the Digger (level 5, -6/38 HPs)
             Began as a Demonspawn Earth Elementalist on Mar 13, 2023.
             Mangled by an ogre
             ... wielding a +0 giant spiked club
              (31 damage)
             ... on level 4 of the Dungeon.
             The game lasted 00:03:45 (3021 turns).

protoss039 the Digger (DsEE)                        Turns: 3021, Time: 00:03:45

Health: -6/38      AC: 10    Str:  8    XL:     5   Next: 0%
Magic:  7/9        EV: 11    Int: 18    God:
Gold:   108        SH:  0    Dex: 14    Spells: 3/9 levels left

rFire   . . .      SeeInvis .   p - +0 dagger (drain)
rCold   . . .      Faith    .   (no shield)
rNeg    . . .      Spirit   .   e - +0 leather armour
rPois   .          Reflect  .   t - +0 helmet
rElec   .          Harm     .   (no cloak)
rCorr   .          Rampage  .   (no gloves)
Will    +....                   (no boots)
Stlth   ++........              m - amulet of regeneration
HPRegen 0.92/turn               j - ring of willpower
MPRegen 0.11/turn               l - +4 ring of protection

@: no status effects
A: molten scales 1, powered by death 2
a: no special abilities


You were on level 4 of the Dungeon.
You visited 1 branch of the dungeon, and saw 4 of its levels.

You collected 108 gold pieces.

Inventory:

Hand Weapons
 p - a +0 dagger of draining (weapon)
 u - a +2 vampiric hand axe
Armour
 e - a +0 leather armour (worn)
 t - a +0 helmet (worn)
Jewellery
 j - a ring of willpower (left hand)
 l - a +4 ring of protection (right hand)
 m - an amulet of regeneration (around neck)
Scrolls
 a - 2 scrolls of identify {unknown}
 c - a scroll of vulnerability {unknown}
 f - 2 scrolls of teleportation {unknown}
 i - a scroll of butterflies {unknown}
 n - a scroll of blinking {unknown}
 q - a scroll of poison {unknown}
 r - a scroll of enchant weapon {unknown}
 s - a scroll of fear {unknown}
Potions
 b - a potion of magic
 d - a potion of haste {unknown}
 g - 3 potions of lignification {unknown}
 h - a potion of brilliance {unknown}
 k - a potion of resistance {unknown}
 o - a potion of heal wounds {unknown}
 v - a potion of invisibility {unknown}
 w - a potion of degeneration {unknown}
 x - a potion of might {unknown}
 z - a potion of curing {unknown}


   Skills:
 + Level 2.1 Fighting
 * Level 1.8 Armour
 - Level 1.7 Dodging
 - Level 1.7 Stealth
 + Level 2.8 Spellcasting
 + Level 0.8 Conjurations
 - Level 0.8 Transmutations
 + Level 3.3 Earth Magic


You had 3 spell levels left.
You knew the following spells:

 Your Spells              Type           Power      Damage    Failure   Level
a - Sandblast             Erth           28%        2d8       6%          1
b - Passwall              Tmut/Erth      8%         N/A       14%         2
c - Stone Arrow           Conj/Erth      20%        3d8       28%         3

Your spell library contained the following spells:

 Spells                   Type           Power      Damage    Failure   Level
 Conjure Flame            Conj/Fire      4%         6-21      52%         3
 Ignite Poison            Fire/Tmut/Pois 3%         N/A       52%         3
 Petrify                  Tmut/Erth      10%        N/A       67%         4
 Sticky Flame             Conj/Fire      4%         2d3       89%         4


Dungeon Overview and Level Annotations

Branches:
Dungeon (4/15) Zot: 20929
 Temple: D:4-7

Altars:
Nemelex Xobeh
Qazlal


Innate Abilities, Weirdness & Mutations

You are partially covered in molten scales. (AC +2)
You regenerate health from kills.


Message History

Casting: Sandblast (safe; 6% risk of failure)
Confirm with . or Enter, or press ? or * to list all spells.
Aiming: Sandblast (safe; 6% risk of failure)
Press: ? - help, Shift-Dir - straight line, f - ball python
Aim: a ball python (80% to hit)
The blast of sand misses the ball python.
The ball python bites you but does no damage.
The ball python barely misses you. The ball python bites you.
The ball python grabs you. The ball python constricts you.
Casting: Sandblast (safe; 6% risk of failure)
Confirm with . or Enter, or press ? or * to list all spells.
Aiming: Sandblast (safe; 6% risk of failure)
Press: ? - help, Shift-Dir - straight line, f/p - ball python
Aim: a ball python (constricting you, 80% to hit)
The blast of sand hits the ball python!
You kill the ball python!
You have reached level 5!
An ogre comes into view. It is wielding a +0 giant spiked club.
An ogre is nearby!
An ogre is nearby!
Unknown command.
Casting: Sandblast (safe; 6% risk of failure)
Confirm with . or Enter, or press ? or * to list all spells.
Aiming: Sandblast (safe; 6% risk of failure)
Press: ? - help, Shift-Dir - straight line, f - ogre
Aim: an ogre, wielding a +0 giant spiked club (asleep, 100% to hit)
The blast of sand hits the ogre!
The ogre is moderately wounded.
The ogre shouts!
The ogre hits you with a +0 giant spiked club!
Casting: Sandblast (safe; 6% risk of failure)
Confirm with . or Enter, or press ? or * to list all spells.
Aiming: Sandblast (safe; 6% risk of failure)
Press: ? - help, Shift-Dir - straight line, f/p - ogre
Aim: an ogre, wielding a +0 giant spiked club (moderately wounded, 91% to hit)
The blast of sand hits the ogre!
The ogre is heavily wounded.
The ogre hits you with a +0 giant spiked club!!
Ouch! That really hurt!
You die...

### ... ##.#
###..O############
#.....@..........#
#.#...####.#####.#
....... #.## .#.##..
#.<## #. #..####...##
.._
.##.......†..########
#⌠.⌠
.#.#####...#........
.... #..#
#>.##.####### ...
#..# #.^##.#


You could see an ogre.

Vanquished Creatures
  Robin (D:3)
  4 adders
  4 worms
  A dart slug (D:1)
  6 orcs (D:3)
  3 endoplasms
  5 giant cockroaches
  11 goblins
  6 hobgoblins
  3 kobolds
  2 quokkas
  9 ball pythons
  5 bats
  3 frilled lizards
  6 rats
69 creatures vanquished.

Notes
Turn   | Place    | Note
-------+----------+-------------------------------------------
     0 | D:1      | protoss039 the Demonspawn Earth Elementalist began the
                  | quest for the Orb.
     0 | D:1      | Reached XP level 1. HP: 13/13 MP: 3/3
   330 | D:1      | Gained mutation: You regenerate a little health from kills.
                  | [demonic ancestry]
   330 | D:1      | Reached XP level 2. HP: 20/20 MP: 3/5
   465 | D:1      | Found a faded altar of an unknown god.
   526 | D:1      | Reached skill level 1 in Fighting
   586 | D:1      | Reached skill level 3 in Earth Magic
  1226 | D:1      | Learned a level 2 spell: Passwall
  1270 | D:2      | Gained mutation: You regenerate health from kills. [demonic
                  | ancestry]
  1270 | D:2      | Reached XP level 3. HP: 26/26 MP: 4/6
  1609 | D:2      | Reached skill level 1 in Armour
  1968 | D:2      | Learned a level 3 spell: Stone Arrow
  1990 | D:3      | Gained mutation: You are partially covered in molten
                  | scales. (AC +2) [demonic ancestry]
  1990 | D:3      | Reached XP level 4. HP: 33/33 MP: 6/8
  2140 | D:3      | Found a stormy altar of Qazlal.
  2258 | D:3      | Noticed Robin
  2273 | D:3      | Killed Robin
  2932 | D:4      | Found a sparkling altar of Nemelex Xobeh.
  2987 | D:4      | Reached XP level 5. HP: 38/38 MP: 6/9
  3018 | D:4      | Noticed an ogre
  3021 | D:4      | Mangled by an ogre

Illustrated notes

Levels and vault maps discovered:
D:1:      dpeg_arrival_court, layout_basic,
          hellmonk_ecumenical_altar_inner_sanctum
D:2:      layout_rooms
D:3:      layout_basic, grunt_temple_overflow_open, uniq_robin
D:4:      layout_loops_ring, nemelex_xobeh_ov_fountains_minmay,
          okawaru_altar_gauntlet_db, grunt_temple_overflow_diamond,
          minmay_misc_feat_pillars, minmay_fountain_box,
          hangedman_decor_clover_reticule, feat_on_display

Skill      XL: |  1  2  3  4 |
---------------+-------------+-----
Fighting       | 1 2 |  2.1
Earth Magic    | 3 |  3.3
Armour         | 1 |  1.8
Dodging        | |  1.7
Stealth        | |  1.7
Spellcasting   | |  2.8
Conjurations   | |  0.8
Transmutations | |  0.8

Action                   |  1- 3 |  4- 6 || total
-------------------------+-------+-------++-------
Melee: Short sword       |    16 |    15 ||    31
       Unarmed           |     1 |       ||     1
       Dagger            |       |    23 ||    23
       Hand axe          |       |     7 ||     7
 Cast: Sandblast         |    61 |    32 ||    93
 Stab: Sleeping          |     1 |       ||     1
Armor: Robe              |     3 |       ||     3
       Leather armour    |     8 |    25 ||    33
Dodge: Dodged            |    26 |    37 ||    63
